[Event "Gibraltar Amateurs B 2020"]
[Site "Caleta"]
[Date "2020.01.27"]
[Round "3.7"]
[White "Salas Martin, Javier"]
[Black "Kovacevic, Aleksandar S"]
[Result "1-0"]
[ECO "E06"]
[WhiteElo "1738"]
[BlackElo "1804"]
[Annotator "NA"]
[PlyCount "133"]
[EventDate "2020.01.20"]
[EventType "swiss"]
[EventCountry "GGB"]
[SourceTitle "playchess.com"]
[Source "ChessBase"]
[SourceQuality "1"]
[TimeControl "6600+10"]

1. d4 Nf6 2. c4 e6 3. Nf3 d5 4. g3 c6 5. Bg2 Be7 6. O-O O-O 7. Qc2 b6 8. b3 a5 9. Bb2 Na6 10. a3 Bb7 11. Nbd2 Rc8 12. e4 dxe4 13. Nxe4 c5 $2 (13... Nxe4 $16 14. Qxe4 Nc7) 14. Nfg5 $2 ({White must play} 14. Nxf6+ $18 Bxf6 {[#]} 15. Ng5 $1 {[%mdl 576] Discovered Attack} Bxg5 16. Bxb7) 14... Bxe4 15. Nxe4 Qc7 16. Nxf6+ $2 (16. d5 $1 $18) 16... Bxf6 17. d5 Bxb2 18. Qxb2 exd5 19. Bxd5 Nb8 20. b4 Nc6 21. Bxc6 Qxc6 22. bxa5 bxa5 23. Rfb1 a4 24. Ra2 Qd6 25. Qc2 Rb8 26. Rab2 Rxb2 27. Rxb2 Qd4 28. Rb5 Qa1+ 29. Kg2 Qxa3 30. Ra5 Qb3 31. Qxb3 axb3 32. Rb5 Rc8 33. Kf3 Kf8 34. Rxb3 Ke7 35. Rd3 Ra8 36. Rd5 Ra5 37. h4 Ke6 38. Ke4 g6 39. g4 h6 40. f4 Ke7 41. h5 Kf8 (41... Ke6 $16 {might work better.} 42. Re5+ Kd7 43. hxg6 fxg6) 42. Rd6 gxh5 43. gxh5 Kg7 $2 (43... Ra1 44. Rc6 (44. Rxh6 Rh1 $16) 44... Re1+ 45. Kf5 Kg7 46. Rxc5 Rh1) 44. f5 (44. Kd5 $142) 44... Ra1 45. f6+ Kg8 46. Rd8+ Kh7 47. Rf8 $2 (47. Rd7 $18) 47... Rh1 $2 (47... Re1+ $1 $11 {and Black stays safe.} 48. Kd5 Re5+ 49. Kd6 Re6+ 50. Kxc5 Rc6+ 51. Kd4 Rxc4+ 52. Ke5 Rc5+ 53. Kd6 Rd5+ 54. Ke7 Re5+ 55. Kxf7 Re7+ 56. fxe7) 48. Rxf7+ Kg8 49. Rg7+ Kf8 50. Ke5 Rxh5+ {[%emt 0:00:21] [#]} 51. Ke6 $1 Rh1 {[%emt 0:00:19] [#]} 52. Rf7+ $2 (52. Rh7 $1 $18 Re1+ 53. Kd6) 52... Ke8 53. Rh7 Re1+ 54. Kd6 Rf1 55. Rxh6 Kf7 56. Kxc5 Rc1 57. Kd5 Rf1 58. c5 Rd1+ 59. Kc6 Ke6 60. Kb6 Rb1+ 61. Kc7 Rc1 62. c6 Rc2 63. Kb7 Rb2+ 64. Kc8 Rc2 65. c7 Kf7 66. Rh7+ Kxf6 67. Kd8 1-0

[Event "Gibraltar Amateurs B 2020"]
[Site "Caleta"]
[Date "2020.01.27"]
[Round "3.8"]
[White "Guardia Bencomo, Tomas"]
[Black "Teh, Wee Zhun"]
[Result "0-1"]
[ECO "B11"]
[WhiteElo "1660"]
[BlackElo "1857"]
[Annotator "NA"]
[PlyCount "148"]
[EventDate "2020.01.20"]
[EventType "swiss"]
[EventCountry "GGB"]
[SourceTitle "playchess.com"]
[Source "ChessBase"]
[SourceQuality "1"]
[TimeControl "6600+10"]

1. e4 c6 2. Nc3 d5 3. Nf3 Bg4 4. h3 Bxf3 5. Qxf3 Nf6 6. d4 dxe4 7. Qe3 e6 8. Nxe4 Nxe4 9. Qxe4 Nd7 10. Bd3 Nf6 11. Qh4 Qa5+ 12. c3 Be7 13. Bd2 Rd8 14. Bc4 Qh5 15. Qxh5 Nxh5 16. O-O-O Nf6 17. Rhe1 O-O 18. Re2 Nd5 19. a3 Bd6 20. g3 Rfe8 21. Rde1 Be7 22. Kc2 a6 23. h4 h6 24. f4 Kf8 25. Bxd5 exd5 26. a4 Bd6 27. b4 Rxe2 28. Rxe2 Re8 29. Rxe8+ Kxe8 30. a5 h5 31. Kd3 Ke7 32. Ke3 Ke6 33. Kf3 Kf5 34. Be1 Be7 35. Bd2 Bd8 36. Be1 g6 37. Bd2 Ke6 38. Ke2 Kd6 39. Kd3 Be7 40. Be1 Kd7 41. Kd2 Bd6 42. Kd3 Kd8 43. Kd2 Kc7 44. Kc2 Be7 45. Bd2 Bd8 46. Be1 b6 47. axb6+ Kxb6 48. Kb3 Kb5 49. Bd2 Be7 50. Be1 Bd8 51. Bd2 Bb6 52. Be3 Bc7 53. Bf2 Kb6 54. Ka4 Bd8 55. Kb3 Kc7 56. Kc2 Kd6 57. Kd3 Ke6 58. Ke3 a5 59. bxa5 Bxa5 60. Be1 $1 Bb6 61. Ke2 Kf5 62. Kf3 $1 c5 63. Bf2 c4 64. Be1 Bd8 65. Bf2 Be7 66. Be3 Ba3 67. Bd2 Bb2 68. Be1 Bc1 69. Ke2 Ke4 70. Kd1 {[%emt 0:00:20] [#]} Be3 $1 71. Ke2 f6 72. Bf2 Bxf2 73. Kxf2 Kd3 74. f5 gxf5 0-1

[Event "Gibraltar Amateurs B 2020"]
[Site "Caleta"]
[Date "2020.01.27"]
[Round "3.9"]
[White "Nash, Damian"]
[Black "Boghi, Victor Almeida"]
[Result "1-0"]
[ECO "B07"]
[WhiteElo "1890"]
[BlackElo "1679"]
[Annotator "NA"]
[PlyCount "41"]
[EventDate "2020.01.20"]
[EventType "swiss"]
[EventCountry "GGB"]
[SourceTitle "playchess.com"]
[Source "ChessBase"]
[SourceQuality "1"]
[TimeControl "6600+10"]

1. e4 g6 2. d4 Bg7 3. Be3 d6 4. Nc3 Nf6 5. h3 O-O 6. Qd2 e5 7. O-O-O exd4 8. Bxd4 Re8 9. f3 Nc6 10. Be3 Be6 11. g4 Ne5 12. h4 h5 13. gxh5 Nxh5 14. Bg5 f6 15. Bh6 Ng3 16. Bxg7 Nxh1 $15 17. Qh6 Re7 18. Bxf6 Rh7 19. Qg5 Rh5 20. Bxd8 Rh7 21. Bf6 1-0

[Event "Gibraltar Amateurs B 2020"]
[Site "Caleta"]
[Date "2020.01.27"]
[Round "3.10"]
[White "Martos Martin, Jose Angel"]
[Black "Dhanwani, Aryan"]
[Result "1-0"]
[ECO "B12"]
[WhiteElo "1841"]
[BlackElo "1360"]
[Annotator "NA"]
[PlyCount "129"]
[EventDate "2020.01.20"]
[EventType "swiss"]
[EventCountry "GGB"]
[SourceTitle "playchess.com"]
[Source "ChessBase"]
[SourceQuality "1"]
[TimeControl "6600+10"]

1. e4 c6 2. d4 d5 3. e5 Bf5 4. g4 Bg6 5. h4 h5 6. e6 {[%emt 0:01:22] B12: Caro-Kann: Advance Variation} fxe6 (6... Qd6 7. exf7+ Bxf7 8. g5 e5 9. Nf3 exd4 10. Qxd4 Be6 11. Nc3 Nd7 12. Bf4 Qc5 13. O-O-O O-O-O {1-0 (23) Ponkratov,P (2630)-Galaktionov,A (2271) Moscow 2019}) 7. Bd3 Bf7 8. g5 g6 9. c3 $146 ({Predecessor:} 9. Nf3 Nd7 10. Bf4 Bg7 11. c3 e5 12. dxe5 e6 13. O-O Ne7 {1-0 (63) Deus Filho,J (1892)-Do Souto,M (1606) Juiz de Fora 2015}) 9... Nd7 (9... e5 $1 $11 {remains equal.}) 10. Qc2 e5 11. Bxg6 e4 12. Bxf7+ Kxf7 13. Ne2 e5 14. O-O Qc8 15. Ng3 (15. f3 $142) 15... Ndf6 16. f3 Qh3 17. Qh2 Qxh2+ 18. Kxh2 Nd7 19. fxe4+ Kg6 20. Be3 Ne7 21. Nd2 Bg7 22. Nf5 Nxf5 23. exf5+ Kf7 24. Rg1 Rhg8 25. Raf1 e4 26. Re1 b6 27. Nf1 c5 28. Ng3 Rh8 29. Rgf1 Bf8 30. f6 Bd6 31. Kh3 Bxg3 32. Kxg3 c4 $2 (32... cxd4 33. Bxd4 Nf8) 33. Rf5 Rag8 34. Ref1 Rh6 35. Kh3 Rhg6 36. Rxd5 Ke6 37. Rdf5 Rf8 38. d5+ Kd6 39. Bf4+ Kc5 40. Be5 Nxe5 41. Rxe5 Kd6 42. Ref5 b5 43. Re1 a5 44. Rxe4 Rgg8 45. Re6+ Kc7 46. f7 Rg7 47. g6 Kd7 48. Rxh5 b4 49. Rf6 bxc3 50. bxc3 Ke7 51. Ra6 a4 52. Rf5 Kd7 53. Rff6 Kc7 54. Rac6+ Kd7 55. Rxc4 Ke7 56. Rcf4 Kd7 57. Rxa4 Ke7 58. Raf4 Kd7 59. c4 Ke7 60. c5 Kd7 61. c6+ Kc7 62. h5 Kd8 63. Kg4 Ke7 64. d6+ Kd8 65. Ra4 1-0

[Event "Gibraltar Amateurs B 2020"]
[Site "Caleta"]
[Date "2020.01.27"]
[Round "3.11"]
[White "Coric, Gojko"]
[Black "Campuzano, Franco"]
[Result "0-1"]
[ECO "E61"]
[WhiteElo "1704"]
[BlackElo "1785"]
[Annotator "NA"]
[PlyCount "86"]
[EventDate "2020.01.20"]
[EventType "swiss"]
[EventCountry "GGB"]
[SourceTitle "playchess.com"]
[Source "ChessBase"]
[SourceQuality "1"]
[TimeControl "6600+10"]

1. d4 Nf6 2. Nf3 g6 3. c4 Bg7 4. Nc3 O-O 5. Bf4 d6 6. e3 Nbd7 7. Be2 b6 8. O-O Bb7 9. h3 c5 10. d5 Ne8 11. Rc1 Ne5 12. Bg3 e6 13. Nxe5 Bxe5 14. Bxe5 dxe5 15. dxe6 fxe6 16. Qxd8 Rxd8 17. Rcd1 Nc7 18. a3 Kf7 19. Nb1 Be4 20. f4 Bxb1 21. fxe5+ Bf5 22. g4 Rxd1 23. Bxd1 Ke7 24. gxf5 exf5 25. Bf3 Rd8 26. Rf2 Ke6 27. b4 Na6 28. Bd5+ Kxe5 29. Rb2 cxb4 30. axb4 b5 31. Bb7 Nc7 32. c5 Rd3 33. Kf2 Nd5 34. c6 Kd6 35. Ra2 Nxb4 36. Rxa7 Nxc6 37. Bxc6 Kxc6 38. Rxh7 b4 39. Ke2 Rd6 40. Ra7 Kb6 41. Ra8 Kb5 42. Kf3 b3 43. Ke2 b2 0-1

[Event "Gibraltar Amateurs B 2020"]
[Site "Caleta"]
[Date "2020.01.27"]
[Round "4.1"]
[White "Marani, Luca"]
[Black "Nwachukwu, Chino"]
[Result "0-1"]
[ECO "B81"]
[WhiteElo "1796"]
[BlackElo "1868"]
[Annotator "NA"]
[PlyCount "88"]
[EventDate "2020.01.20"]
[EventType "swiss"]
[EventCountry "GGB"]
[SourceTitle "playchess.com"]
[Source "ChessBase"]
[SourceQuality "1"]
[TimeControl "6600+10"]

1. e4 c5 2. Nf3 d6 3. d4 cxd4 4. Nxd4 Nf6 5. Nc3 a6 6. h3 e6 7. g4 Be7 8. Bg2 Nc6 9. Be3 Nxd4 {[%emt 0:04:28] B81: Sicilian Scheveningen: Keres Attack} (9... Nd7 10. h4 Qc7 11. Qe2 Nce5 12. O-O-O Nc4 13. f4 Nxe3 14. Qxe3 O-O 15. g5 Re8 16. h5 Nf8 17. Kb1 {1-0 (44) Duda,J (2603)-Kempinski,R (2626) Wroclaw 2014}) 10. Qxd4 e5 11. Qd2 Be6 12. O-O O-O 13. g5 $146 ({Predecessor:} 13. Kh1 Rc8 14. a4 Rc4 15. b3 Rc8 16. Rfc1 Qc7 17. Na2 {1-0 (38) Borge,N (2360)-Rytshagov,M (2525) Groningen 1997}) 13... Nh5 $1 14. Nd5 Bxd5 15. exd5 Rc8 16. Bf3 Nf4 17. h4 $2 (17. Bxf4 $15 exf4 18. h4) 17... Ng6 18. h5 Nf4 19. Bxf4 exf4 20. Bg4 Rc5 21. g6 f5 22. gxh7+ Kh8 23. Bf3 Bf6 24. c3 Be5 25. Rfe1 Qh4 26. Kg2 Kxh7 27. Rh1 Qf6 28. Rag1 Qd8 29. Kf1 Rf6 30. Qc2 Qc8 31. Rg5 b5 32. Bg4 Kh6 $2 (32... Kh8 33. Rxf5 (33. Bxf5 Qf8 $18) 33... Qd8 34. Rxf6 Qxf6) 33. Rxf5 Rxf5 34. Bxf5 Qd8 35. Be6 Qf6 36. Rg1 g5 37. hxg6 Kg7 38. Rh1 Qg5 39. Rh7+ Kf8 40. Rf7+ Ke8 {[%emt 0:00:07] [#]} 41. Qe4 $18 (41. g7 $142 $1 Rxd5 (41... Bxg7 42. Qh7) 42. Qh7 Rd1+ 43. Ke2 Re1+ {[%mdl 64] Decoy} 44. Kxe1 Qg1+ 45. Ke2 Qxg7 46. Rxg7) 41... Rc4 42. Qh1 Qxg6 43. Qh4 Qb1+ 44. Kg2 f3+ {[%emt 0:00:19] Kg1} 0-1

[Event "Gibraltar Amateurs B 2020"]
[Site "Caleta"]
[Date "2020.01.27"]
[Round "4.2"]
[White "Anjali R. Sagar"]
[Black "Bryant, Richard B E"]
[Result "0-1"]
[ECO "C06"]
[WhiteElo "1775"]
[BlackElo "1849"]
[Annotator "NA"]
[PlyCount "54"]
[EventDate "2020.01.20"]
[EventType "swiss"]
[EventCountry "GGB"]
[SourceTitle "playchess.com"]
[Source "ChessBase"]
[SourceQuality "1"]
[TimeControl "6600+10"]

1. e4 e6 2. d4 d5 3. Nd2 Nf6 4. e5 Nfd7 5. Bd3 c5 6. c3 Nc6 7. Ne2 cxd4 8. cxd4 f6 9. exf6 Nxf6 10. Nf3 Bd6 11. O-O Qc7 12. g3 O-O 13. Bf4 Bd7 14. Rc1 Ne4 {[%emt 0:10:02] C06: French Tarrasch: 3...Nf6 4 e5 Nfd7 5 Bd3 main lines} 15. Ne5 {[%emt 0:05:16] [#]} Be8 $146 ({Predecessor:} 15... Bxe5 16. Bxe5 Qb6 17. Nf4 Rad8 18. Bxe4 dxe4 19. Bd6 Rf7 20. b4 Qxd4 21. b5 Ne5 22. Qxd4 {0-1 (35) Gomez,J (2522)-Ganguly,S (2644) Guangzhou 2010}) 16. Bxe4 dxe4 17. Qc2 Qe7 18. Qxe4 Rd8 19. Qe3 h6 20. Nxc6 Bxc6 21. Bxd6 $14 Rxd6 22. Nf4 Qf7 23. Qe5 Rfd8 24. Rfd1 g5 25. d5 gxf4 26. Rxc6 bxc6 27. Rd4 Rxd5 0-1

[Event "Gibraltar Amateurs B 2020"]
[Site "Caleta"]
[Date "2020.01.27"]
[Round "4.3"]
[White "Greco, Joseph"]
[Black "Hari Charan Sai Kalluri"]
[Result "0-1"]
[ECO "B24"]
[WhiteElo "1691"]
[BlackElo "1836"]
[Annotator "NA"]
[PlyCount "136"]
[EventDate "2020.01.20"]
[EventType "swiss"]
[EventCountry "GGB"]
[SourceTitle "playchess.com"]
[Source "ChessBase"]
[SourceQuality "1"]
[TimeControl "6600+10"]

1. e4 c5 2. Nc3 Nc6 3. g3 g6 4. Bg2 Bg7 5. f4 d6 6. h3 {[%emt 0:00:32] B24: Closed Sicilian: 3 g3 sidelines} (6. Nf3 e6 7. O-O Nge7 8. d3 Rb8 9. Be3 Nd4 10. Bf2 Nec6 11. Nxd4 Nxd4 12. Qd2 O-O 13. Nd1 b6 14. c3 Nc6 15. d4 cxd4 16. cxd4 Bb7 17. Nc3 Rc8 18. Rac1 Re8 19. d5 exd5 20. Nxd5 Ne7 21. Rxc8 Bxc8 {1-0 (63) Anand,V (2759)-Vachier Lagrave,M (2789) Leuven 2018}) 6... Nf6 7. Nf3 Nh5 8. Ne2 e5 9. d3 f5 $146 ({Predecessor:} 9... exf4 10. gxf4 f5 11. O-O O-O 12. exf5 Bxf5 13. Kh2 {½-½ (67) Makolli,P (2284)-Keinanen,T (2402) Batumi 2018}) 10. c3 Qe7 11. Be3 O-O 12. O-O Be6 (12... fxe4 $15 13. dxe4 Nxg3 {[%mdl 64] Remove Defender} 14. Nxg3 exf4) 13. Ng5 Bd7 14. exf5 gxf5 15. Bd5+ Kh8 16. Qd2 Nf6 17. Bb3 a5 18. a4 h6 19. Nf3 e4 20. Nh4 Kh7 21. d4 b6 22. Rfd1 Rad8 23. Bc4 d5 24. Bb5 Qd6 25. b3 Be6 26. Rac1 Na7 27. Ba6 Rf7 28. Rb1 Qc6 (28... Nh5 $17) 29. Qc2 ({White should play} 29. Qe1 $11) 29... c4 30. bxc4 dxc4 31. Rb2 Nd5 32. Ng2 Nc7 33. Bb5 Naxb5 34. axb5 Qe8 35. Qa4 Rd5 (35... Nd5 $19 36. Kh2 Bf6) 36. Rdb1 (36. Bf2 $17 {keeps fighting.}) 36... Bd7 37. Qxc4 Bxb5 38. Qb3 Bd3 39. Rc1 b5 40. Bf2 a4 41. Qa2 (41. Qd1 $142) 41... Bc4 42. Qa1 Rd8 43. Ne3 Bd3 44. c4 (44. Re1 $142) 44... Bxe2 45. Rxe2 Bxd4 46. Qa3 Bg7 47. cxb5 Qxb5 48. Ra2 Rd4 49. Rc5 Qd7 $2 (49... Qb3 $19 50. Rc3 Qe6) 50. Rc4 Rxc4 51. Nxc4 Bd4 52. Ne5 Bxe5 53. fxe5 Qd5 54. Qxa4 Qxe5 55. Ra3 f4 56. Qc2 Kg8 57. Rb3 e3 (57... Ne6 $17 58. Qc8+ Rf8) 58. Qg6+ Kf8 59. Rb8+ Ke7 60. Be1 f3 61. Bb4+ Kd7 62. Qd3+ Qd5 63. Qxd5+ Nxd5 64. Rb7+ Nc7 65. Kf1 f2 66. Ba5 e2+ 67. Kxe2 f1=Q+ 68. Kd2 Qg2+ 0-1

[Event "Gibraltar Amateurs B 2020"]
[Site "Caleta"]
[Date "2020.01.27"]
[Round "4.4"]
[White "Campuzano, Franco"]
[Black "Salas Martin, Javier"]
[Result "1-0"]
[ECO "E67"]
[WhiteElo "1785"]
[BlackElo "1738"]
[Annotator "NA"]
[PlyCount "73"]
[EventDate "2020.01.20"]
[EventType "swiss"]
[EventCountry "GGB"]
[SourceTitle "playchess.com"]
[Source "ChessBase"]
[SourceQuality "1"]
[TimeControl "6600+10"]

1. Nf3 d6 2. d4 Nf6 3. g3 g6 4. Bg2 Bg7 5. O-O O-O 6. c4 c6 7. Nc3 Nbd7 8. Bf4 Re8 9. e4 Nh5 10. Be3 e5 11. d5 c5 12. a3 b6 13. b4 Bf8 14. Ne1 Ng7 15. Nd3 f5 16. Qd2 Nf6 17. Bg5 Be7 18. Rad1 Nxe4 19. Nxe4 fxe4 20. Bxe7 Qxe7 21. Bxe4 Nf5 22. bxc5 bxc5 23. Nxc5 Nd4 24. Ne6 Bxe6 25. dxe6 Rad8 26. Bd5 Kg7 27. f4 Rf8 28. fxe5 Nxe6 29. exd6 Rxd6 30. Qc3+ Kh6 31. Qe5 Rxd5 32. cxd5 Qc5+ 33. Kh1 Rxf1+ 34. Rxf1 Nd4 35. Qf4+ Kg7 36. Qf6+ Kh6 37. Qf8+ 1-0

[Event "Gibraltar Amateurs B 2020"]
[Site "Caleta"]
[Date "2020.01.27"]
[Round "4.5"]
[White "Bowman, Richard L"]
[Black "Nash, Damian"]
[Result "1/2-1/2"]
[ECO "A25"]
[WhiteElo "1740"]
[BlackElo "1890"]
[Annotator "NA"]
[PlyCount "81"]
[EventDate "2020.01.20"]
[EventType "swiss"]
[EventCountry "GGB"]
[SourceTitle "playchess.com"]
[Source "ChessBase"]
[SourceQuality "1"]
[TimeControl "6600+10"]

1. c4 Nc6 2. Nc3 e5 3. g3 f5 4. Bg2 Nf6 5. d3 Bb4 6. Qb3 {[%emt 0:04:34] A25: English Opening vs King's Indian with ...Nc6 but without early d3} (6. Bd2 O-O 7. Nd5 Bxd2+ 8. Qxd2 d6 9. e3 Be6 10. Ne2 Bxd5 11. cxd5 Ne7 12. e4 c6 13. dxc6 bxc6 14. O-O Qb6 15. Rac1 {1-0 (41) Rodshtein,M (2699)-Amin,B (2704) Brest 2019}) 6... Nd4 7. Qd1 O-O $146 ({Predecessor:} 7... Bxc3+ 8. bxc3 Nc6 9. Qb3 d6 10. Rb1 O-O 11. e3 e4 12. d4 Na5 13. Qa4 c5 {0-1 (28) Szakall,A (1928)-Detko,J (2139) Slovakia 2016}) 8. a3 Bxc3+ 9. bxc3 Ne6 10. Nf3 d6 11. Ng5 c6 12. Rb1 Nxg5 13. Bxg5 Qe8 14. Bxf6 Rxf6 15. e4 (15. e3 $11) 15... f4 16. f3 b6 17. d4 c5 18. d5 Bd7 (18... fxg3 $17 19. hxg3 Ba6) 19. g4 Qg6 20. h4 h6 21. Bh3 Rd8 22. Qe2 Qh7 23. g5 Rf7 24. Be6 Bxe6 25. dxe6 Re7 26. Kd2 h5 27. a4 Qg6 28. Rb5 Qxe6 29. Ra1 Qh3 30. Qf2 g6 31. a5 bxa5 32. Raxa5 Kf7 33. Ra6 Rdd7 34. Kc2 Rd8 35. Qd2 Red7 36. Rb7 Qxf3 37. Qd5+ Kf8 38. Rxd6 Qe2+ {[%emt 0:01:42] [#]} 39. Kc1 $1 Qe3+ {[%emt 0:01:02] [#]} 40. Kc2 $1 Qf2+ {[%emt 0:01:38] [#]} 41. Kc1 $11 1/2-1/2

[Event "Gibraltar Amateurs B 2020"]
[Site "Caleta"]
[Date "2020.01.27"]
[Round "4.6"]
[White "Teh, Wee Zhun"]
[Black "Martos Martin, Jose Angel"]
[Result "1-0"]
[ECO "E73"]
[WhiteElo "1857"]
[BlackElo "1841"]
[Annotator "NA"]
[PlyCount "177"]
[EventDate "2020.01.20"]
[EventType "swiss"]
[EventCountry "GGB"]
[SourceTitle "playchess.com"]
[Source "ChessBase"]
[SourceQuality "1"]
[TimeControl "6600+10"]

1. d4 Nf6 2. c4 g6 3. Nc3 Bg7 4. e4 d6 5. Be2 O-O 6. Be3 Nc6 7. d5 Ne5 {[%emt 0:00:22] E73: King's Indian: Averbakh Variation without 6...c5} 8. h3 e6 (8... c6 9. Nf3 Nxf3+ 10. Bxf3 Nd7 11. Be2 Qa5 12. Bd4 Bh6 13. f3 c5 14. Bf2 b5 15. cxb5 {1-0 (38) Ganguly,S (2633)-Guseinov,G (2666) Moscow 2019}) 9. Nf3 Nxf3+ 10. Bxf3 exd5 11. cxd5 Nd7 $146 ({Predecessor:} 11... Re8 12. O-O Bd7 13. Re1 b5 14. a3 a6 15. Qd2 {0-1 (63) Krueger,E (2060)-Habermann,A (1930) Bad Bevensen 2011}) 12. O-O Re8 13. Rc1 a5 14. Nb5 Nc5 15. Bxc5 dxc5 16. Rxc5 b6 17. Rc2 Be5 18. Bg4 Ba6 19. a4 (19. Be2 $16) 19... Bxb5 20. axb5 Bd6 21. Rc4 Qf6 22. b3 h5 23. Bd7 Red8 24. Bc6 Rab8 25. f4 Qb2 26. Qf3 Rf8 27. e5 Bc5+ 28. Kh1 Qd2 29. f5 Qe3 30. Re4 Qg5 31. Qf4 Qxf4 32. Rexf4 g5 33. R4f3 Kh7 34. f6 Kg6 35. e6 Bd4 36. e7 Rh8 37. Re1 Rhe8 38. Re4 Bxf6 39. Bxe8 Rxe8 40. g4 $2 (40. Rfe3 $18 {and the rest is easy.}) 40... h4 41. Kg2 $2 (41. Rfe3 $18 {is the precise move to win.} Kg7 42. Kg2) 41... Bb2 42. Rf5 Bf6 43. Re2 $2 (43. Rc4 $18 {is the precise move to win.}) 43... Rxe7 44. Rxe7 Bxe7 45. Re5 Bd6 46. Re8 f6 47. Kf3 Kf7 48. Rc8 Kg6 49. Ke4 Be5 50. Rd8 Bg3 51. Rd7 Be5 52. Re7 Bh2 53. Re6 Bg3 54. Kd4 Bf4 55. Re2 Bd6 56. Ke4 Bg3 57. Re3 Bf4 58. Rf3 Bd6 59. Rf5 Bg3 60. d6 Bxd6 61. Kd5 Kf7 62. Rf3 Ke7 63. Re3+ Kf7 64. Re2 Bg3 65. Ke4 Kg6 66. Rd2 Bd6 67. Rd1 Bf4 68. Rd7 Bg3 69. Re7 Bd6 70. Re6 Bg3 71. Kd5 Bh2 72. Re2 Bd6 73. Ke6 Bf4 74. Rf2 Kg7 75. Rf3 Kg6 76. Rf2 Kg7 77. Rf1 Kg6 78. Rd1 Bd6 79. Rd5 Kg7 80. Rf5 Bg3 81. Rxf6 Bf4 82. Kf5 Bd2 83. Rc6 Bf4 84. Rc4 $18 Kf7 85. Rxf4 gxf4 86. Kxf4 Kg7 87. Ke5 Kg6 88. Kd5 Kf7 89. Ke4 1-0

[Event "Gibraltar Amateurs B 2020"]
[Site "Caleta"]
[Date "2020.01.27"]
[Round "4.7"]
[White "Sedgwick, David"]
[Black "Dennis, Nigel W"]
[Result "0-1"]
[ECO "B22"]
[WhiteElo "1894"]
[BlackElo "1784"]
[Annotator "NA"]
[PlyCount "116"]
[EventDate "2020.01.20"]
[EventType "swiss"]
[EventCountry "GGB"]
[SourceTitle "playchess.com"]
[Source "ChessBase"]
[SourceQuality "1"]
[TimeControl "6600+10"]

1. e4 c5 2. c3 d5 3. exd5 Qxd5 4. d4 e6 5. Nf3 Nf6 6. Be2 Nc6 7. Be3 {[%emt 0:00:39] B22: Sicilian: 2 c3} (7. O-O cxd4 8. Nxd4 Bd7 9. Bf3 Qa5 10. Nxc6 Bxc6 11. Bxc6+ bxc6 12. Nd2 Qb5 13. c4 Qb6 14. Qf3 Be7 15. b3 {½-½ (46) Solak,D (2641)-Zhigalko,S (2635) Khanty-Mansiysk 2017}) 7... cxd4 8. cxd4 Bb4+ 9. Nc3 Ne4 10. Qc2 Qa5 11. O-O Nxc3 12. bxc3 Bxc3 13. Rab1 $146 ({Predecessor:} 13. Rac1 Bb4 14. Rfd1 Ba3 {½-½ (26) Lilleskog,T-Andreasen,P (2275) Randaberg 1991}) 13... Bb4 14. Rfc1 O-O 15. Ng5 g6 16. Ne4 (16. Bf3 $11) 16... Be7 ({Better is} 16... f5 $15 17. Nd2 f4) 17. Rb5 Qd8 18. Qb2 (18. Qa4 $11) 18... f5 19. d5 exd5 20. Bh6 Rf7 21. Nc5 (21. Nc3 $17 {was the only defense.}) 21... Bf6 22. Qd2 Nd4 23. Rbb1 Nxe2+ 24. Qxe2 Re7 25. Qf3 b6 26. Nd3 Bb7 27. Nf4 Re4 28. Qg3 Bh4 29. Qc3 Qe7 30. g3 Bf6 31. Qb3 Rd8 32. Rd1 Qf7 33. f3 Ree8 34. h4 d4 35. Rd3 Qxb3 36. Rbxb3 Re3 37. Nh5 gxh5 38. Bxe3 dxe3 39. Rxd8+ Bxd8 40. Rxe3 Kf7 41. Re5 Kf6 42. Re8 Be7 43. Kg2 Bd5 44. Rh8 Kg6 45. Rc8 a5 46. Rc2 b5 47. Rd2 Bc4 48. Rd7 Bf6 49. Rb7 a4 50. g4 hxg4 51. fxg4 fxg4 52. Kg3 h5 53. a3 Be5+ 54. Kf2 $11 Kf5 (54... g3+ 55. Kg2 Bd5+ 56. Kh3) 55. Rh7 Kg6 56. Rd7 Bb2 57. Rd6+ Kf5 58. Rh6 Bf7 0-1

[Event "Gibraltar Amateurs B 2020"]
[Site "Caleta"]
[Date "2020.01.27"]
[Round "4.8"]
[White "Oueld El Hachemi, Abdelhaq"]
[Black "Dumont, Andre"]
[Result "0-1"]
[ECO "D02"]
[WhiteElo "1788"]
[BlackElo "1872"]
[Annotator "NA"]
[PlyCount "110"]
[EventDate "2020.01.20"]
[EventType "swiss"]
[EventCountry "GGB"]
[SourceTitle "playchess.com"]
[Source "ChessBase"]
[SourceQuality "1"]
[TimeControl "6600+10"]

1. d4 Nf6 2. Nf3 d5 3. Nc3 e6 4. g3 c5 5. Bg2 Nc6 6. O-O cxd4 {[%emt 0:00:25] D02: 1 d4 d5 2 Nf3 sidelines, including 2...Nf6 3 g3 and 2...Nf6 3 Bf4} (6... Be7 7. dxc5 Bxc5 8. Bf4 O-O 9. Qd3 Re8 10. Ne5 Nh5 11. Rad1 Nxf4 12. gxf4 Bd6 13. Qg3 Bb8 14. e4 Nxe5 15. fxe5 {½-½ (56) Gajewski,G (2637)-Oleksienko,M (2608) Reykjavik 2013}) 7. Nxd4 e5 8. Nb3 d4 9. Ne4 Be7 10. e3 $146 ({Predecessor:} 10. f4 O-O 11. fxe5 Ng4 12. e3 dxe3 13. h3 Qxd1 14. Rxd1 Ngxe5 15. Bxe3 {0-1 (50) Yapici,K (1781)-Ulybin,M (2499) Ankara 2017}) 10... dxe3 11. Nxf6+ Bxf6 12. Qxd8+ Nxd8 13. Bxe3 a5 14. Nc5 O-O 15. c3 Be7 16. Rfd1 Bxc5 17. Bxc5 Re8 18. Bb6 Nc6 19. Rd6 e4 20. Bf1 Be6 21. Bb5 Rec8 22. Rad1 ({Better is} 22. Re1 $16) 22... h6 23. a3 Ne5 24. Kg2 Bc4 25. Bd7 Rf8 26. R1d4 Be2 27. R6d5 Nd3 28. Rxe4 Ne1+ 29. Kg1 Bf3 30. Rxe1 Bxd5 31. Re5 Bc6 32. Bxc6 bxc6 33. Bxa5 Rfb8 34. b4 Re8 35. Rc5 Re6 36. c4 Kf8 37. Kf1 Ke8 38. h4 Kd7 39. Rf5 f6 40. Rf3 Rd6 41. Bb6 Rd1+ 42. Ke2 Ra1 43. Rd3+ Ke8 44. Ba5 Ra7 45. Rd8+ Ke7 46. Rd3 $11 Ke6 47. Kf3 g5 48. Re3+ Kf7 49. hxg5 hxg5 50. Kg4 Re7 51. Rc3 Re2 52. Rf3 $2 (52. Bb6 $11 {and White is okay.}) 52... Kg6 53. Kh3 Re4 54. Rc3 g4+ 55. Kg2 Ree1 0-1

[Event "Gibraltar Amateurs B 2020"]
[Site "Caleta"]
[Date "2020.01.27"]
[Round "4.9"]
[White "Dragic, Dragan"]
[Black "Nebel, Uwe"]
[Result "1-0"]
[ECO "B20"]
[WhiteElo "1781"]
[BlackElo "1847"]
[Annotator "NA"]
[PlyCount "51"]
[EventDate "2020.01.20"]
[EventType "swiss"]
[EventCountry "GGB"]
[SourceTitle "playchess.com"]
[Source "ChessBase"]
[SourceQuality "1"]
[TimeControl "6600+10"]

1. e4 c5 2. Ne2 d5 (2... d6 3. g3 Nf6 4. Bg2 g6 5. c3 Bg7 6. d4 O-O 7. O-O Qc7 8. Na3 a6 9. h3 Nbd7 10. Be3 Rb8 11. f4 e5 12. dxe5 dxe5 13. Nc4 b5 14. Qd6 Qxd6 15. Nxd6 {0-1 (66) Vallejo Pons,F (2704)-Sethuraman,S (2638) Moscow 2019}) 3. exd5 Qxd5 4. Nbc3 Qd8 5. d4 cxd4 6. Qxd4 {[%emt 0:00:30] B20: Sicilian: Unusual White 2nd moves} Qxd4 7. Nxd4 a6 8. Nd5 e5 $146 ({Predecessor:} 8... Kd8 9. Nb6 Ra7 10. Nxc8 Kxc8 11. Be3 Ra8 12. O-O-O {½-½ (30) Pucholt,M (1619)-Plesnivy,M (1799) Prague 2014}) 9. Nc7+ Kd7 10. Nxa8 exd4 11. Nb6+ Kd8 12. Bg5+ f6 13. Bf4 Nc6 14. O-O-O Be6 15. Bc4 Bxc4 16. Nxc4 Bc5 17. c3 Nge7 18. b4 Ba7 19. Nd6 Nd5 20. Bg3 Nxc3 21. Nf7+ Kc8 22. Nxh8 Nxb4 23. Kb2 Nxd1+ 24. Rxd1 d3 25. a3 Bd4+ $18 26. Kb3 1-0